 Dungeon Crawl Stone Soup version 0.30.1-11-g7821555f0a (webtiles) character file.

Game seed: 17705230035946578723

217 SacredBeard the Grave Robber (level 5, 0/37 HPs)
             Began as a Demonspawn Necromancer on Nov 29, 2023.
             Succumbed to a scorpion's poison
             ... on level 5 of the Dungeon.
             The game lasted 00:06:02 (2607 turns).

SacredBeard the Grave Robber (DsNe)                 Turns: 2607, Time: 00:06:03

Health: 0/37       AC:  6    Str:  5 (8)  XL:     5   Next: 62%
Magic:  0/8        EV: 14    Int: 17 (19) God:
Gold:   138        SH:  0    Dex: 10 (11) Spells: 7/8 levels left

rFire   + . .        p - +0 short sword
rCold   . . .        (no shield)
rNeg    . . .        q - +3 leather armour
rPois   .            (helmet restricted)
rElec   .            (no cloak)
rCorr   .            (no gloves)
SInv    .            (no boots)
Will    .....        (no amulet)
Stlth   +            (no ring)
HPRegen 0.26/turn    (no ring)
MPRegen 0.11/turn

%: no passive effects
@: mighty, lethally poisoned (0 -> -3), flying
A: horns 1, repulsion field 2, foul stench 1, clumsy 1, fire resistance 1,
MP-powered wands
a: no special abilities


You were on level 5 of the Dungeon.
You visited 1 branch of the dungeon, and saw 4 of its levels.

You collected 138 gold pieces.

Inventory:

Hand Weapons
 h - a +0 spear
 p - a +0 short sword (weapon)
Missiles
 a - 6 poisoned darts
 i - 28 stones
Armour
 f - a +2 helmet
 q - a +3 leather armour (worn)
Scrolls
 c - 3 scrolls of identify {unknown}
 e - 2 scrolls of teleportation {unknown}
 j - 3 scrolls of butterflies {unknown}
 k - a scroll of fog {unknown}
 l - a scroll of magic mapping {unknown}
Potions
 b - a potion of magic
 d - a potion of mutation
 m - a potion of attraction {unknown}
 n - a potion of degeneration
 o - a potion of might
 r - a potion of heal wounds {unknown}


   Skills:
 * Level 1.4 Fighting
 + Level 0.7 Throwing
 + Level 0.7 Armour
 - Level 2.0 Dodging
 - Level 2.0 Stealth
 - Level 2.0 Spellcasting
 - Level 7.0 Necromancy


You had 7 spell levels left.
You knew the following spells:

 Your Spells              Type           Power      Damage    Failure   Level
a - Necrotise             Necr           100%       1d9       1%          1

Your spell library contained the following spells:

 Spells                   Type           Power      Damage    Failure   Level
 Vampiric Draining        Necr           25%        2d7       5%          3
 Animate Dead             Necr           25%        N/A       17%         4
 Apportation              Tloc           2%         N/A       30%         1
 Magic Dart               Conj           4%         1d3       30%         1
 Summon Small Mammal      Summ           4%         N/A       30%         1
 Blink                    Tloc           2%         N/A       43%         2
 Ensorcelled Hibernation  Hex/Ice        2%         N/A       43%         2
 Lesser Beckoning         Tloc           2%         N/A       43%         2
 Momentum Strike          Conj/Tloc      2%         3d8       43%         2
 Passwall                 Tmut/Erth      0%         N/A       43%         2
 Agony                    Necr           25%        N/A       43%         5
 Swiftness                Air            1%         N/A       67%         3


Dungeon Overview and Level Annotations

Branches:
Dungeon (3/15) Zot: 21394

Altars:
Ashenzari
Kikubaaqudgha
Sif Muna
Vehumet


Innate Abilities, Weirdness & Mutations

You have a pair of small horns on your head.
You are surrounded by a moderate repulsion field. (EV +3)
You may rarely emit foul miasma when damaged in melee.
You are clumsy. (Dex -2)
Your flesh is heat resistant. (rF+)
You expend magic power (3 MP) to strengthen your wands.


Message History

The scorpion is poisoned.
The scorpion stings you.
You are poisoned.
The scorpion poisons you!
You barely miss the scorpion.
The scorpion is moderately wounded.
* * * LOW HITPOINT WARNING * * *
You feel very sick.
The scorpion is engulfed in dark miasma.
The scorpion looks even sicker.
The scorpion stings you.
* * * LOW HITPOINT WARNING * * *
Casting: Necrotise (safe; 1% risk of failure)
Confirm with . or Enter, or press ? or * to list all spells.
Aiming: Necrotise (safe; 1% risk of failure)
Press: ? - help, Shift-Dir - straight line, f - scorpion
Aim: a scorpion (foul pestilence, heavily wounded, very poisoned, ally target, chance to affect: 83%)
The scorpion writhes in agony!
You kill the scorpion!
* * * LOW HITPOINT WARNING * * *
You feel sick.
Your Fighting skill increases to level 1!
Unknown command.
There is a lethal amount of poison in your body!
It was a potion of mutation.
You feel extremely strange.
You feel your magical essence link to the dungeon's wands.
You feel clumsy.
You feel resistant to heat.
* * * LOW HITPOINT WARNING * * *
You feel sick.
It was a potion of degeneration.
There was something very wrong with that liquid.
You feel weakened.
You feel dopey.
You feel clumsy.
* * * LOW HITPOINT WARNING * * *
You feel sick.
It was a potion of might.
You feel very mighty all of a sudden.
* * * LOW HITPOINT WARNING * * *
You feel sick.
It was a potion of flight.
You feel very buoyant.
You fly up into the air.
You die...

###.. ....... ###
....... #. .......
#. ....... ##.
....... #.. .......
##.. ......Z##
#####..#
#.@#########.......
##.................
#..#######.......#
#....# #.......#
#.....# #........
#.....# #........
....... #........
#.......# #........
#.......# .........


You could see the friendly Ijyb the goblin skeleton.

Vanquished Creatures
  A scorpion (D:5)
  Ijyb (D:5)
  An orc wizard (D:3)
  Robin (D:2)
  3 adders
  A dart slug (D:1)
  4 orcs (D:3)
  2 ball pythons
  11 bats
  3 endoplasms
  8 goblins
  6 hobgoblins
  5 jackals
  3 quokkas (D:2)
  2 frilled lizards
  3 kobolds
  8 rats
63 creatures vanquished.

Vanquished Creatures (collateral kills)
  An endoplasm (D:1)
  2 goblins
  A jackal (D:1)
4 creatures vanquished.

Grand Total: 67 creatures vanquished

Notes
Turn   | Place    | Note
-------+----------+-------------------------------------------
     0 | D:1      | SacredBeard the Demonspawn Necromancer began the quest for
                  | the Orb.
     0 | D:1      | Reached XP level 1. HP: 13/13 MP: 3/3
   128 | D:1      | Gained mutation: You may rarely emit foul miasma when
                  | damaged in melee. [demonic ancestry]
   128 | D:1      | Reached XP level 2. HP: 11/19 MP: 1/5
   325 | D:1      | Reached skill level 5 in Necromancy
   724 | D:1      | Gained mutation: You are surrounded by a mild repulsion
                  | field. (EV +2) [demonic ancestry]
   724 | D:1      | Reached XP level 3. HP: 24/24 MP: 4/6
  1444 | D:2      | Noticed Robin
  1446 | D:2      | Reached skill level 6 in Necromancy
  1447 | D:2      | Gained mutation: You are surrounded by a moderate repulsion
                  | field. (EV +3) [demonic ancestry]
  1447 | D:2      | Reached XP level 4. HP: 28/30 MP: 1/7
  1451 | D:2      | Killed Robin
  2059 | D:3      | Found a broken altar of Ashenzari.
  2309 | D:3      | Gained mutation: You have a pair of small horns on your
                  | head. [demonic ancestry]
  2309 | D:3      | Reached XP level 5. HP: 35/35 MP: 4/8
  2480 | D:3      | You fall into a shaft and drop 2 floors!
  2480 | D:5      | Entered Level 5 of the Dungeon
  2508 | D:5      | Found an ancient bone altar of Kikubaaqudgha.
  2537 | D:5      | Found a shimmering blue altar of Sif Muna.
  2539 | D:5      | Found a radiant altar of Vehumet.
  2544 | D:5      | Got Vehumet's Incunable of Confrontation
  2591 | D:5      | Noticed Ijyb
  2600 | D:5      | Killed Ijyb
  2601 | D:5      | Reached skill level 7 in Necromancy
  2604 | D:5      | Reached skill level 1 in Fighting
  2604 | D:5      | Gained mutation: You expend magic power (3 MP) to
                  | strengthen your wands. [potion of mutation]
  2604 | D:5      | Gained mutation: You are clumsy. (Dex -2) [potion of
                  | mutation]
  2604 | D:5      | Gained mutation: Your flesh is heat resistant. (rF+)
                  | [potion of mutation]
  2605 | D:5      | HP: 1/37 [poisoned by a scorpion]
  2607 | D:5      | Succumbed to a scorpion's poison

Illustrated notes

Levels and vault maps discovered:
D:1:      heliophobic_arrival_ceremonial_halls, layout_basic
D:2:      layout_basic, uniq_robin
D:3:      layout_loops_corners, ashenzari_altar_1, trog_hazing_becter
D:5:      layout_cave_pods, grunt_temple_overflow_magic_moments,
          lemuel_doored_altar, uniq_ijyb

Skill      XL: |  1  2  3  4  5 |
---------------+----------------+-----
Dodging        | 2 |  2.0
Stealth        | 2 |  2.0
Necromancy     | 5 6 7 |  7.0
Fighting       | 1 |  1.4
Throwing       | |  0.7
Armour         | |  0.7
Spellcasting   | |  2.0

Action                     |  1- 3 |  4- 6 || total
---------------------------+-------+-------++-------
  Melee: Dagger            |    24 |       ||    24
         Short sword       |       |    32 ||    32
   Cast: Necrotise         |    59 |    33 ||    92
    Use: Potion            |       |     4 ||     4
   Stab: Distracted        |       |     1 ||     1
 Armour: Robe              |     3 |       ||     3
         Leather armour    |     3 |     9 ||    12
  Dodge: Dodged            |    28 |    24 ||    52
